Map: Pillars of Gold LE

Players

Reynor - Winner!

  • Race: Zerg Zerg
  • League: Master
  • Spawn Location: 1:00

BlyOnFire (Bly)

  • Race: Zerg Zerg
  • Spawn Location: 7:00

Event: DreamHack SC2 Masters 2020 Winter

VOD

Have the link to the VOD?

Description

Time

  • Played on: Oct. 30, 2020, 1:28 p.m.
  • Length: 7:36

All games in this series

Show
View Real Time Build Order
Export as new Build Order

Reynor Zerg - Winner!

Build Orders: Hatch First, Zergling Baneling 

Get SALT Encoding   

  12  0:00  Drone  
  13  0:14  Overlord  
  13  0:18  Drone  
  14  0:32  Drone x2  
  16  0:51  Hatchery  
  16  0:55  Drone  
  16  0:57  Drone  
  16  1:01  Drone  
  18  1:10  Extractor  
  17  1:17  Spawning Pool  
  16  1:21  Drone  
  16  1:24  Drone  
  18  1:29  Drone  
  19  1:40  Drone  
  20  1:50  Overlord  
  20  2:04  Queen x2  
  24  2:10  Zergling x4  
  24  2:13  Zergling x2  
  24  2:15  Spine Crawler  
  26  2:19  Zergling x2  
  27  2:23  Drone  
  28  2:31  Metabolic Boost  
  28  2:32  Zergling x2  
  30  2:37  Zergling x2  
  30  2:39  Zergling x2  
  30  2:52  Baneling Nest  
  30  2:53  Zergling x4  
  30  3:00  Zergling x4  
  28  3:08  Zergling x4  
  30  3:17  Queen  
  29  3:21  Zergling x2  
  31  3:31  Evolution Chamber  
  29  3:35  Baneling  
  29  3:36  Baneling  
  29  3:37  Baneling x2  
  29  3:39  Zergling x2  
  29  3:40  Zergling x2  
  31  3:43  Zergling x2  
  31  3:45  Zergling x2  
  32  3:51  Queen  
  32  3:55  Baneling  
  32  4:03  Queen  
  32  4:04  Baneling  
  32  4:07  Zergling x2  
  35  4:13  Drone  
  35  4:16  Overlord  
  33  4:34  Drone  
  33  4:35  Drone x4  
  33  4:38  Drone x2  
  40  4:46  Drone x2  
  40  4:52  Baneling x2  
  42  4:55  Overlord  
  42  4:57  Drone  
  43  5:03  Drone  
  44  5:13  Roach Warren  
  43  5:14  Drone x3  
  43  5:15  Drone x2  
  43  5:18  Drone  
  43  5:20  Drone  
  49  5:24  Overlord  
  49  5:29  Drone  
  49  5:31  Extractor  
  49  5:32  Queen  
  51  5:36  Drone  
  51  5:41  Evolution Chamber  
  51  5:45  Drone x2, Evolution Chamber  
  51  5:49  Queen  
  54  5:55  Zergling x8  
  58  5:58  Roach  
  58  6:01  Overlord  
  57  6:12  Roach x2  
  57  6:15  Baneling x2  
  59  6:19  Overlord  
  59  6:21  Roach x2  
  59  6:25  Roach  
  61  6:28  Roach x3  
  61  6:29  Roach  
  66  6:38  Overlord  
  66  6:39  Roach  
  67  6:43  Queen  
  68  6:48  Roach  
  68  6:50  Roach  
  72  6:57  Baneling  
  72  6:58  Zergling x4  
  72  6:59  Zergling x4  
  72  7:00  Baneling  
  76  7:03  Zergling x2  
  77  7:14  Zergling x8  
Show
View Real Time Build Order
Export as new Build Order

BlyOnFire Zerg 

Build Orders: 1 Base Baneling Bust, Pool First, Zergling Baneling 

Get SALT Encoding   

  12  0:00  Drone  
  13  0:12  Drone  
  14  0:14  Extractor  
  14  0:18  Drone  
  14  0:33  Spawning Pool  
  13  0:39  Drone  
  14  0:47  Drone, Extractor  
  15  0:55  Overlord  
  15  1:20  Zergling x6  
  15  1:21  Metabolic Boost  
  18  1:30  Queen  
  20  1:38  Baneling Nest  
  19  1:46  Overlord  
  19  1:56  Zergling x4  
  21  2:04  Zergling x2  
  22  2:16  Zergling x2  
  22  2:22  Baneling x2  
  23  2:23  Baneling x2  
  23  2:26  Baneling  
  23  2:27  Zergling x2  
  24  2:39  Zergling x6  
  24  2:40  Zergling x2  
  28  2:49  Baneling  
  28  2:51  Zergling x2  
  26  3:06  Zergling x2  
  25  3:15  Zergling x6  
  25  3:18  Baneling x3  
  25  3:24  Zergling x2  
  26  3:27  Baneling  
  26  3:29  Zergling x2  
  24  3:51  Zergling x8  
  25  4:04  Zergling x2  
  25  4:05  Baneling x2  
  25  4:06  Baneling x2  
  27  4:10  Zergling x2  
  26  4:18  Zergling x2  
  26  4:21  Baneling  
  26  4:22  Zergling x4  
  25  4:32  Zergling x2  
  25  4:33  Zergling x2  
  23  4:56  Hatchery  
  22  5:05  Zergling x4  
  24  5:12  Zergling x2  
  25  5:21  Zergling x4  
  27  5:36  Zergling x2  
  27  5:37  Zergling x2  
  29  5:46  Baneling x3  
  29  5:51  Baneling x4  
  23  6:13  Zergling x8  
  23  6:15  Baneling  
  21  6:29  Zergling x6  
  22  6:38  Zergling x2  
  23  6:44  Zergling x2  
  24  7:00  Baneling  
  24  7:01  Baneling x7  
  24  7:05  Zergling x4  
  26  7:15  Zergling x4  
Tags
 
Add a new tag
Caveats
  • Supply blocks, unpowered buildings, or Contaminate may cause inaccurate times.
  • Supply counts are checked every 10 seconds.